AoeStats
← anzunza2014

Arabia

507593671Analyzed
1v1 RM · 12d ago on Sep 18, 2026· 53m 44s· 2 players
Game mode
Random Map
Map size
Tiny (2 player)
Population
200
Speed
Normal
Resources
Standard
Victory
Conquest
Starting age
Dark Age
Ending age
Imperial Age
RankedLock teamsTeams togetherTeam positionsShared explorationLock speedFull tech treeHidden civsTurbo modeCheats
Victory
Defeat
🇨🇴 Britons · Colombia
983
+15
🇺🇸 Huns · United States
957
-15
anzunza2014
6:00 Loom
12:20 Feudal Age
13:02 Double-Bit Axe
18:10 Castle Age
16:45 Fletching
17:35 Padded Archer Armor
18:57 Bodkin Arrow
20:04 Leather Archer Armor
20:19 Horse Collar
21:34 Bow Saw
22:57 Heavy Plow
24:53 Gold Mining
25:40 Forging
25:59 Elite Skirmisher
26:53 Scale Barding Armor
28:45 Wheelbarrow
28:50 Bloodlines
29:30 Husbandry
29:46 Town Watch
31:02 Chain Barding Armor
38:29 Imperial Age
36:33 Ballistics
39:23 Hand Cart
39:13 Bracer
39:35 Conscription
42:05 Chemistry
42:07 Gold Shaft Mining
49:59 Two-Man Saw
SCHMERZEN
6:00 Loom
10:51 Feudal Age
11:20 Double-Bit Axe
11:26 Gold Mining
13:44 Fletching
14:43 Padded Archer Armor
20:40 Wheelbarrow
23:06 Castle Age
23:27 Crossbowman
24:49 Bodkin Arrow
24:52 Elite Skirmisher
26:27 Bow Saw
26:53 Gold Shaft Mining
28:23 Leather Archer Armor
29:04 Hand Cart
36:03 Ballistics
40:16 Imperial Age
38:45 Stone Mining
41:00 Bracer
41:31 Ring Archer Armor
40:39 Arbalester
42:23 Two-Man Saw
43:15 Chemistry
44:20 Horse Collar
47:05 Hoardings
46:34 Capped Ram
Connection lost

Rejoining the realm…

Still unreachable

The connection could not be restored.

Session expired

The server has moved on; the page needs a fresh start.